 Dungeon Crawl Stone Soup version 0.14-a0-1844-g8283a67 (webtiles) character file.

937 HollowCharge the Slasher (level 7, -1/44 HPs)
             Began as a Tengu Fighter on Jan 11, 2014.
             Slain by a goblin
             ... wielding a +1,+0 quarterstaff
              (3 damage)
             ... on Level 4 of the Dungeon.
             The game lasted 00:25:23 (5815 turns).

HollowCharge the Slasher (Tengu Fighter)            Turns: 5815, Time: 00:25:23

HP  -1/44        AC 10     Str 16      XL: 7   Next: 67%
MP   9/9         EV  4     Int  9      God:
Gold 230         SH 19     Dex 15      Spells:  0 memorised,  6 levels left

rFire  . . .     SeeInvis .     a - +0,+1 falchion
rCold  . . .     Clarity  .     v - +1 chain mail
rNeg   . . .     Conserve .     c - +0 shield
rPois  .         rCorr    .     (helmet restricted)
rElec  .         rRot     .     (no cloak)
SustAb . .       Spirit   .     (no gloves)
rMut   .         Warding  .     (boots unavailable)
Saprov . . .     Stasis   .     (no amulet)
                                (no ring)
                                (no ring)

@: slightly resistant to hostile enchantments, extremely unstealthy
A: able to fly, beak, talons 3
a: Fly


You were on level 4 of the Dungeon.
You were not hungry.

You visited 1 branch of the dungeon, and saw 5 of its levels.

You collected 230 gold pieces.

Inventory:

Hand weapons
 a - a +0,+1 falchion (weapon)
Armour
 c - a +0 shield (worn)
 v - a +1 chain mail (worn)
 y - a +0 cloak
Comestibles
 d - 5 bread rations
 g - a slice of pizza
 i - a rotting chunk of worker ant flesh
 j - a chunk of worker ant flesh
 r - a sausage
Scrolls
 e - a scroll of enchant weapon II
 f - a scroll of magic mapping {unknown}
 h - 2 scrolls of recharging {unknown}
 k - 2 scrolls of immolation {unknown}
 m - a scroll of teleportation
 o - 4 scrolls of remove curse {unknown}
 p - 2 scrolls of fog {unknown}
 t - a scroll of blinking {unknown}
 u - a scroll of identify
 w - a scroll of curse weapon {unknown}
Jewellery
 x - an uncursed ring of magical power
Potions
 b - a potion of mutation {unknown}
 n - 2 potions of resistance
 q - a potion of speed
 s - a potion of magic {unknown}


   Skills:
 * Level 4.9 Fighting
 * Level 5.4 Long Blades
 + Level 4.4 Armour
 + Level 3.5 Dodging
 + Level 4.3 Shields


You had 6 spell levels left.
You didn't know any spells.

Dungeon Overview and Level Annotations

Branches:
Dungeon (5/16)
 Temple: D:4-7

Altars:


Innate Abilities, Weirdness & Mutations

You can fly.
You have a beak for a mouth.
You have claws for feet.


Message History

Your shield and chain mail prevent you from hitting the ogre.
The ogre is heavily wounded.
The ogre hits you with a giant club!
* * * LOW HITPOINT WARNING * * *
You slash the ogre! You claw the ogre.
The ogre is almost dead.
You block the ogre's attack.
You hit the ogre. Your kick misses the ogre.
The ogre is almost dead.
You block the ogre's attack.
You hit the ogre. You peck the ogre.
You kill the ogre!
You hit the goblin but do no damage. Your peck misses the goblin.
The goblin unwields an uncursed blowgun.
The goblin wields an uncursed quarterstaff.
The goblin hits you but does no damage.
You hit the goblin. Your kick misses the goblin.
The goblin is lightly wounded.
The goblin hits you with an uncursed quarterstaff.
You die...

..............<..................
##..#########.#####.##########...
#..###).(###..####.# #...
#%.##.....##....##.# #..<
#..#......)#....##.# #.##
##..#.......#.....#.# #.#.
....#......[##....#.# #.#.
....##.....###....#.# #.#.
....###...## ###@.#.# #.#.
....####'########g#.##########.#'
....#.............#..............
....#.............#....##########
#...#.....g.......#....#
#...#.########'####....# #...#.
O..# #....# #...# .....##....#
#...# ...o...#....#


You could see a goblin.

Vanquished Creatures
  2 ogres (D:4)
  An iguana (D:4)
  A scorpion (D:4)
  A hound (D:4)
  3 worker ants (D:4)
  4 orc wizards (D:4)
  Ijyb (D:4)
  3 gnolls (D:3)
  9 adders
  A giant mite (D:3)
  A worm (D:2)
  2 oozes
  8 orcs
  13 bats
  6 giant cockroaches
  10 goblins
  12 hobgoblins
  10 jackals
  A ball python (D:1)
  4 giant geckos
  5 giant newts
  A goblin skeleton (D:4)
  10 kobolds
  11 rats
120 creatures vanquished.

Notes
Turn   | Place    | Note
--------------------------------------------------------------
     0 | D:1      | HollowCharge, the Tengu Fighter, began the quest for the Orb.
     0 | D:1      | Reached XP level 1. HP: 14/14 MP: 1/1
    81 | D:1      | Reached XP level 2. HP: 2/19 MP: 3/3
   672 | D:1      | Reached skill level 1 in Dodging
   683 | D:1      | Reached XP level 3. HP: 20/23 MP: 4/4
  2043 | D:2      | Reached XP level 4. HP: 28/28 MP: 5/5
  2571 | D:3      | Reached skill level 4 in Fighting
  2571 | D:3      | Reached XP level 5. HP: 33/33 MP: 7/7
  3521 | D:3      | HP: 1/33 [poisoned by an adder]
  3876 | D:4      | Noticed an orc warrior
  4211 | D:4      | Reached XP level 6. HP: 23/38 MP: 8/8
  4592 | D:5      | Entered Level 5 of the Dungeon
  5000 | D:4      | Noticed an ogre
  5037 | D:4      | Killed an ogre
  5037 | D:4      | Reached XP level 7. HP: 14/44 MP: 9/9
  5356 | D:4      | Noticed Ijyb
  5391 | D:4      | Killed Ijyb
  5421 | D:4      | Reached skill level 5 in Long Blades
  5799 | D:4      | Noticed an ogre
  5810 | D:4      | HP: 1/44 [ogre/giant club (13)]
  5813 | D:4      | Killed an ogre
  5815 | D:4      | Slain by a goblin

Action                   |  1- 3 |  4- 6 |  7- 9 || total
-------------------------+-------+-------+-------++-------
Melee: Falchion          |   133 |   160 |    68 ||   361
  Use: Scroll            |       |     6 |       ||     6
       Potion            |       |     2 |       ||     2
